 Dungeon Crawl Stone Soup version 0.26-a0-835-g8259106e14 (webtiles) character file.

Game seed: 17301490199514789884

14 dickylongcocking the Firebug (level 2, -3/19 HPs)
             Began as a Human Fire Elementalist on Nov 17, 2020.
             Slain by a worker ant (4 damage)
             ... on level 2 of the Dungeon.
             The game lasted 00:00:38 (562 turns).

dickylongcocking the Firebug (HuFE)                  Turns: 562, Time: 00:00:39

Health: -3/19      AC:  2    Str:  8    XL:     2   Next: 55%
Magic:  2/5        EV: 12    Int: 15    God:
Gold:   48         SH:  0    Dex: 13    Spells: 4/5 levels left

rFire    . . .     SeeInvis .   e - +0 whip
rCold    . . .     Faith    .   (no shield)
rNeg     . . .     Spirit   .   a - +0 robe
rPois    .         Reflect  .   (no helmet)
rElec    .         Harm     .   (no cloak)
rCorr    .         Rampage  .   (no gloves)
MR       .....                  (no boots)
Stlth    ++........             (no amulet)
HPRegen  0.06/turn              (no ring)
MPRegen  0.09/turn              (no ring)

@: no status effects
A: no striking features
a: no special abilities


You were on level 2 of the Dungeon.
You visited 1 branch of the dungeon, and saw 2 of its levels.

You collected 48 gold pieces.

Inventory:

Hand Weapons
 e - a +0 whip (weapon)
Armour
 a - a +0 robe (worn)
Jewellery
 f - an uncursed ring of see invisible {unknown}
Scrolls
 b - a scroll of enchant armour {unknown}
 c - 2 scrolls of remove curse {unknown}
Potions
 g - a potion of curing {unknown}


   Skills:
 + Level 0.2 Fighting
 + Level 2.0 Dodging
 + Level 2.0 Stealth
 + Level 2.1 Spellcasting
 + Level 1.0 Conjurations
 + Level 3.5 Fire Magic


You had 4 spell levels left.
You knew the following spells:

 Your Spells              Type           Power        Failure   Level
a - Foxfire               Conj/Fire      #...         9%          1

Your spell library contained the following spells:

 Spells                   Type           Power        Failure   Level
 Conjure Flame            Conj/Fire      #.......     26%         3
 Inner Flame              Hex/Fire       #.......     32%         3
 Sticky Flame             Conj/Fire      #.......     65%         4
 Fireball                 Conj/Fire      #.........   94%         5


Dungeon Overview and Level Annotations

Branches:
Dungeon (1/15)

Altars:


Message History

Confirm with . or Enter, or press ? or * to list all spells.
Nothing appears to happen.
The foxfire hits the worker ant.
The worker ant is heavily wounded.
The foxfire hits the worker ant but does no damage.
The worker ant is heavily wounded.
The worker ant bites you. x2
Casting: Foxfire (safe; 9% risk of failure)
Confirm with . or Enter, or press ? or * to list all spells.
You conjure some foxfire!
The worker ant misses you.
Unknown command.
Your foxfire dissipates!
The foxfire hits the worker ant.
The worker ant is heavily wounded.
Unknown command.
The worker ant bites you but does no damage.
The worker ant bites you.
* * * LOW HITPOINT WARNING * * *
It was a potion of cancellation.
You feel magically purged. The worker ant bites you.
You die...

#.# #.#
#.# #.#
#.# #.# #
#.#
###..###B#
.......@.#
###..#####
... #


You could see a worker ant.

Vanquished Creatures
  An adder skeleton (D:2)
  A giant cockroach (D:2)
  3 goblins
  2 bats (D:1)
  3 kobolds (D:1)
  A rat (D:2)
11 creatures vanquished.

Vanquished Creatures (others)
  35 foxfires
35 creatures vanquished.

Grand Total: 46 creatures vanquished

Notes
Turn   | Place    | Note
-------+----------+-------------------------------------------
     0 | D:1      | dickylongcocking the Human Fire Elementalist began the
                  | quest for the Orb.
     0 | D:1      | Reached XP level 1. HP: 13/13 MP: 3/3
   274 | D:1      | Reached XP level 2. HP: 18/19 MP: 0/5
   334 | D:1      | You fall into a shaft and drop 1 floor!
   562 | D:2      | Slain by a worker ant

Illustrated notes

Levels and vault maps discovered:
D:1:      elethiomel_arrival_shortcut, layout_rooms
D:2:      layout_loops_ring, grunt_temple_overflow_diamond

Action                   || total
-------------------------++-------
Melee: Whip              ||    12
 Cast: Foxfire           ||    25
  Use: Potion            ||     1
Armor: Robe              ||     7
Dodge: Dodged            ||    12

Table legend: (Time is in decaauts)
 A = Elapsed time spent in this place.
 B = Non-inter-level travel time spent in this place.
 C = Inter-level travel time spent in this place.
 D = Time resting spent in this place.
 E = Time spent auto-exploring this place.
 F = Levels seen in this place.
 G = Mean time per level.
                   A        B        C        D        E       F      G
               +--------+--------+--------+--------+--------+-----+--------+
         Total |    562 |    562 |      0 |      0 |    448 |   2 |  281.0 |
       Dungeon |    562 |    562 |      0 |      0 |    448 |   2 |  281.0 |
               +--------+--------+--------+--------+--------+-----+--------+

Top non-repeatable levels by time:
     D:1: 333 daAuts
     D:2: 228 daAuts
